AoeStats
← berber hikmet

Highland

504773635Analyzed
3v3 RM · 27d ago on Sep 6, 2026· 51m 54s· 6 players
Game mode
Random Map
Map size
Normal (6 player)
Population
200
Speed
Normal
Resources
Standard
Victory
Conquest
Starting age
Dark Age
Ending age
Imperial Age
RankedLock teamsTeams togetherTeam positionsShared explorationLock speedFull tech treeHidden civsTurbo modeCheats
Victory
Defeat
🇹🇷 Franks · Türkiye
1017
+11
🇹🇷 Britons · Türkiye
930
+15
🇹🇷 Byzantines · Türkiye
874
+17
🇮🇹 Japanese · Italy
958
-17
🇮🇹 Italians · Italy
927
-15
🇮🇹 Turks · Italy
829
-11
DanieleRC
7:12 Loom
13:37 Feudal Age
16:40 Fishing Lines
19:10 Castle Age
19:36 Scale Mail Armor
19:46 Forging
21:26 Double-Bit Axe
21:24 Horse Collar
21:20 Pikeman
22:01 Squires
21:48 Arson
23:25 Husbandry
23:53 Gillnets
29:58 Bow Saw
31:04 Gold Mining
32:06 Heavy Plow
33:24 Chain Mail Armor
34:02 Iron Casting
37:38 Imperial Age
35:49 Scale Barding Armor
39:04 Cavalier
42:06 Plate Mail Armor
42:22 Kataparuto
42:24 Conscription
42:21 Halberdier
Afran
0:28 Loom
19:29 Feudal Age
22:09 Horse Collar
22:19 Double-Bit Axe
24:43 Castle Age
23:24 Stone Mining
24:22 Gold Mining
26:07 Gold Shaft Mining
25:36 Heavy Plow
29:15 Bow Saw
33:28 Imperial Age
37:58 Artillery
freakon
8:28 Loom
12:40 Feudal Age
17:58 Castle Age
16:26 Double-Bit Axe
18:20 Horse Collar
20:43 Fletching
20:55 Padded Archer Armor
20:55 Gold Mining
21:32 Bodkin Arrow
23:21 Wheelbarrow
23:59 Man-at-Arms
27:46 Leather Archer Armor
27:44 Bloodlines
26:59 Long Swordsman
28:21 Town Watch
28:44 Elite Skirmisher
29:31 Thumb Ring
30:02 Ballistics
29:30 Light Cavalry
35:56 Imperial Age
35:16 Masonry
35:12 Murder Holes
36:42 Bracer
37:12 Ring Archer Armor
39:42 Conscription
38:59 Hussar
47:24 Chemistry
berber hikmet
0:29 Loom
12:04 Feudal Age
13:34 Wheelbarrow
13:48 Double-Bit Axe
15:41 Gold Mining
15:34 Horse Collar
22:33 Castle Age
23:33 Hand Cart
23:25 Heavy Plow
23:40 Bow Saw
23:31 Stone Mining
27:39 Stone Shaft Mining
30:28 Gold Shaft Mining
33:02 Imperial Age
30:43 Scale Barding Armor
30:39 Scale Mail Armor
30:39 Padded Archer Armor
30:30 Fletching
30:50 Forging
30:30 Treadmill Crane
31:12 Ballistics
33:37 Elite Skirmisher
34:18 Heavy Camel Rider
36:59 Chemistry
37:00 Crop Rotation
37:35 Two-Man Saw
41:34 Onager
46:14 Guilds
46:34 Coinage
46:05 Caravan
46:36 Chain Barding Armor
46:32 Chain Mail Armor
46:33 Leather Archer Armor
46:13 Bodkin Arrow
46:54 Iron Casting
49:36 Plate Barding Armor
49:46 Conscription
50:02 Banking
Hardware
1:08 Loom
11:39 Feudal Age
19:47 Castle Age
20:08 Horse Collar
20:17 Double-Bit Axe
20:57 Crossbowman
26:02 Heavy Plow
29:45 Bow Saw
33:25 Imperial Age
31:43 Padded Archer Armor
32:27 Gold Mining
32:30 Stone Mining
33:10 Leather Archer Armor
32:45 Fletching
34:07 Ballistics
33:26 Pikeman
35:37 Cavalier
37:48 Chemistry
36:56 Scale Mail Armor
37:06 Forging
36:52 Bodkin Arrow
37:33 Husbandry
37:28 Elite Longbowman
38:34 Halberdier
40:41 Ring Archer Armor
40:12 Bracer
39:58 Treadmill Crane
41:13 Gold Shaft Mining
44:35 Squires
44:44 Scale Barding Armor
44:54 Chain Mail Armor
45:15 Iron Casting
45:02 Capped Ram
47:51 Two-Man Saw
47:13 Chain Barding Armor
47:24 Plate Mail Armor
47:27 Onager
47:27 Heavy Scorpion
48:07 Man-at-Arms
48:33 Gambesons
48:44 Light Cavalry
49:24 Long Swordsman
50:08 Two-Handed Swordsman
50:10 Elite Skirmisher
50:11 Arbalester
50:13 Heavy Cavalry Archer
52:16 Warwolf
MASON GREENWOOD
5:11 Loom
11:15 Feudal Age
16:15 Castle Age
16:10 Double-Bit Axe
19:20 Bow Saw
19:28 Husbandry
19:41 Scale Barding Armor
19:52 Forging
27:43 Wheelbarrow
30:28 Hand Cart
35:51 Imperial Age
33:53 Ballistics
32:55 Elite Skirmisher
34:39 Masonry
34:50 Padded Archer Armor
34:40 Fletching
35:10 Chain Barding Armor
34:48 Pikeman
35:28 Squires
37:50 Chemistry
36:24 Cavalier
37:46 Architecture
39:28 Plate Barding Armor
39:09 Leather Archer Armor
38:49 Bodkin Arrow
39:50 Iron Casting
40:38 Halberdier
41:04 Arson
41:20 Scale Mail Armor
41:53 Paladin
48:22 Gold Mining
48:22 Stone Mining
50:01 Caravan
51:46 Blast Furnace
50:56 Siege Engineers
52:59 Hoardings
Connection lost

Rejoining the realm…

Still unreachable

The connection could not be restored.

Session expired

The server has moved on; the page needs a fresh start.